 Dungeon Crawl Stone Soup version 0.20-a0-465-g6513c8f (webtiles) character file.

3558 ChocoNymphy the Grappler (level 9, -4/84 HPs)
             Began as a Troll Warper on Jan 13, 2017.
             Was a Believer of Makhleb.
             Slain by a porcupine (13 damage)
             ... on level 8 of the Dungeon.
             The game lasted 00:29:13 (7089 turns).

ChocoNymphy the Grappler (Troll Warper)             Turns: 7089, Time: 00:29:14

Health: -4/84      AC:  6    Str: 22    XL:     9   Next: 83%
Magic:  10/10      EV: 12    Int: 11    God:    Makhleb [**....]
Gold:   261        SH:  0    Dex:  9    Spells: 0/11 levels left

rFire  . . .     SeeInvis .       - Unarmed
rCold  . . .     Gourm    +     a - +1 robe
rNeg   . . .     Faith    .     (no shield)
rPois  .         Spirit   .     (helmet restricted)
rElec  .         Reflect  .     (no cloak)
rCorr  .         Harm     .     (gloves unavailable)
MR     .....                    (boots unavailable)
Stlth  +++.......               (no amulet)
                                (no ring)
                                y - ring of stealth

@: no status effects
A: unfitting armour, claws 3, talons 2, fast metabolism 3, gourmand,
regeneration 1, shaggy fur 1, tough skin 2
a: Minor Destruction, Renounce Religion


You were on level 8 of the Dungeon.
You worshipped Makhleb.
Makhleb was pleased with you.
You were very full.

You visited 2 branches of the dungeon, and saw 9 of its levels.
You also visited: Ossuary.

You collected 261 gold pieces.

Inventory:

Hand Weapons
 j - a +2 short sword of protection
 l - a +1 blowgun
Missiles
 d - 5 tomahawks of dispersal (quivered)
 g - 11 bolts
 n - 55 sling bullets
 o - 47 poisoned needles
 A - 23 tomahawks
Armour
 a - a +1 robe (worn)
Jewellery
 e - an uncursed ring of fire {unknown}
 y - a ring of stealth (left claw)
Scrolls
 c - 2 scrolls of blinking
 k - a scroll of fog {unknown}
 m - 2 scrolls of remove curse {unknown}
 p - 3 scrolls of enchant armour
 r - a scroll of noise {unknown}
 s - a scroll of immolation
 v - 3 scrolls of teleportation {unknown}
 z - a scroll of amnesia {unknown}
 B - a scroll of fear {unknown}
 C - a scroll of identify
Potions
 i - 4 potions of curing
 q - a potion of cancellation
 u - 2 potions of brilliance
Books
 b - a book of Spatial Translocations

   Spells                             Type                      Level
   a - Blink                          Translocation                2
   b - Shroud of Golubria             Charms/Translocation         2
   c - Lesser Beckoning               Translocation                3
   d - Portal Projectile              Translocation                3
   e - Teleport Other                 Translocation                3
   f - Passage of Golubria            Translocation                4
 w - a Young Poisoner's Handbook

   Spells                             Type                      Level
   a - Sting                          Conjuration/Poison           1
   b - Poisonous Vapours              Poison/Air                   2
   c - Mephitic Cloud                 Conjuration/Poison/Air       3
   d - Olgreb's Toxic Radiance        Poison                       4
   e - Venom Bolt                     Conjuration/Poison           5
Comestibles
 f - 6 bread rations
 h - 3 meat rations
 t - 3 beef jerkies
 x - 7 slices of pizza


   Skills:
 + Level 3.9 Fighting
 + Level 0.8 Throwing
 + Level 5.5 Dodging
 + Level 1.8 Stealth
 + Level 11.3 Unarmed Combat
 + Level 1.5 Spellcasting
 + Level 2.2 Translocations


You couldn't memorise any spells.
You knew the following spells:

 Your Spells              Type           Power        Failure   Level  Hunger
a - Blink                 Tloc           N/A          21%         2    ###....
b - Lesser Beckoning      Tloc           #.........   38%         3    ####...
c - Teleport Other        Tloc           #.......     38%         3    ####...
d - Shroud of Golubria    Chrm/Tloc      #.........   30%         2    ###....
e - Sting                 Conj/Pois      #...         34%         1    ##.....


Dungeon Overview and Level Annotations

Branches:
Dungeon (8/15)             Temple (1/1) D:6            Lair (0/6) D:8

Altars:
Ashenzari
Cheibriados
Dithmenos
Elyvilon
Fedhas
Hepliaklqana
Kikubaaqudgha
Makhleb
Nemelex Xobeh
Okawaru
Qazlal
Ru
Sif Muna
Trog
Uskayaw
Vehumet
Xom
Yredelemnul
Zin
The Shining One

Annotations:
D:7 Prince Ribbit


Innate Abilities, Weirdness & Mutations

You are too large for most types of armour.
You have claws for hands.
Your metabolism is lightning-fast.
You like to eat raw meat.
Your natural rate of healing is unusually fast.
You are covered in fur. (AC +1)
You have very tough skin. (AC +2)
You have razor-sharp toenails.


Message History

The bullfrog hits you. The porcupine bites you! The bullfrog hits you.
The porcupine bites you but does no damage.
You are struck by the porcupine's spines.
You closely miss the porcupine. The bullfrog closely misses you.
The porcupine barely misses you. The bullfrog hits you.
* * * LOW HITPOINT WARNING * * *
You barely miss the porcupine. You claw the porcupine.
The porcupine is lightly wounded.
The bullfrog barely misses you. The porcupine bites you!
* * * LOW HITPOINT WARNING * * *
You closely miss the porcupine. You claw the porcupine.
The porcupine is lightly wounded.
The bullfrog closely misses you.
You closely miss the porcupine.
You claw the porcupine, but do no damage.
Your claw misses the porcupine.
The porcupine is lightly wounded.
The porcupine bites you!
You die...

.. +............. ... .
######.#####.# ##.#.
#.....# ##+## #.#.#
.###.###.###...# #.. #
#..P.P....##...# ###
P..............# ..
..P..PP.PPP....####.#
.PPPPPP..P.F........# #
PPP.PP.PPP@r†....####.#
P.P..PPP.P.P.........#
.P.PPP...P.P.P...#####
PP.PPPP..PPP.....#
.PP.>PP..PPP...#.#
PPPP.......P.#.#
.PPP.P.PPPP.....
P...PPPP....#####
P....rP


You could see a bullfrog and a porcupine.

Vanquished Creatures
  4 hogs (D:7)
  A human (D:7)
  Menkaure (D:6)
  Duvessa (D:7)
  A porcupine (D:8)
  2 sky beasts
  3 orc warriors
  A black bear (D:8)
  An ice beast (D:6)
  A phantom (D:6)
  An ogre (D:6)
  A centaur (D:7)
  4 elf zombies (Ossuary)
  A bullfrog (D:7)
  A water moccasin zombie (D:6)
  Dowan (D:7)
  3 scorpions
  A bullfrog zombie (D:6)
  2 human zombies (Ossuary)
  4 orc priests
  A bullfrog skeleton (D:5)
  A centaur skeleton (D:6)
  6 orc wizards
  3 iguanas (D:6)
  7 worker ants
  A big kobold zombie (Ossuary)
  A hound zombie (D:8)
  A hound skeleton (D:4)
  2 mummies (Ossuary)
  7 adders
  A shadow imp (D:5)
  2 oozes
  4 adder zombies
  2 adder skeletons
  5 worms
  10 leopard geckos
  21 orcs
  2 ball pythons
  8 bats
  5 giant cockroaches
  12 goblins
  3 hobgoblins
  9 jackals
  3 quokkas
  8 frilled lizards
  12 hobgoblin zombies (Ossuary)
  11 kobolds
  9 kobold zombies (Ossuary)
  5 orc zombies (Ossuary)
  8 rats
  2 rat zombies (Ossuary)
  A spectral orc (D:3)
208 creatures vanquished.

Vanquished Creatures (others)
  3 fungi (D:8)
  A plant (D:8)
4 creatures vanquished.

Grand Total: 212 creatures vanquished

Notes
Turn   | Place    | Note
-------+----------+-------------------------------------------
     0 | D:1      | ChocoNymphy the Troll Warper began the quest for the Orb.
     0 | D:1      | Reached XP level 1. HP: 19/19 MP: 1/1
   346 | D:1      | Reached XP level 2. HP: 28/28 MP: 3/3
   916 | D:2      | Reached XP level 3. HP: 35/35 MP: 4/4
  1346 | D:2      | Found an iron altar of Okawaru.
  1542 | D:2      | Reached skill level 3 in Unarmed Combat
  1703 | D:2      | Reached XP level 4. HP: 42/42 MP: 5/5
  1966 | D:3      | Found a basalt altar of Yredelemnul.
  1984 | D:3      | Learned a level 2 spell: Blink
  1988 | D:3      | Learned a level 3 spell: Lesser Beckoning
  2173 | D:3      | Reached XP level 5. HP: 49/49 MP: 6/6
  2182 | D:3      | Reached skill level 4 in Unarmed Combat
  3063 | D:4      | Reached skill level 5 in Unarmed Combat
  3063 | D:4      | Reached XP level 6. HP: 57/57 MP: 7/7
  3693 | D:5      | Entered Level 5 of the Dungeon
  3716 | D:5      | Noticed a sky beast
  3735 | D:5      | Killed a sky beast
  3739 | D:5      | Gained mutation: You have sharp toenails. [mutagenic meat]
  3740 | D:5      | Gained mutation: Your mind is acute. (Int +2) [mutagenic meat]
  3742 | D:5      | Gained mutation: Your system is resistant to poisons. (rPois) [mutagenic meat]
  3861 | D:5      | Reached skill level 6 in Unarmed Combat
  3912 | D:5      | You fall through a shaft!
  3920 | D:6      | Reached XP level 7. HP: 31/65 MP: 4/8
  3994 | D:6      | Found a staircase to the Ecumenical Temple.
  4001 | Temple   | Entered the Ecumenical Temple
  4151 | Temple   | Became a worshipper of Makhleb the Destroyer
  4231 | D:6      | Found a bloodstained altar of Trog.
  4336 | D:6      | Reached skill level 7 in Unarmed Combat
  4376 | D:6      | Found a sand-covered staircase.
  4385 | Ossuary  | Entered an ossuary
  4526 | Ossuary  | Reached XP level 8. HP: 60/74 MP: 9/9
  4548 | Ossuary  | Reached skill level 1 in Stealth
  4563 | Ossuary  | Reached * piety under Makhleb
  4605 | Ossuary  | Reached skill level 8 in Unarmed Combat
  5049 | D:6      | Reached ** piety under Makhleb
  5119 | D:6      | Noticed Menkaure
  5127 | D:6      | Killed Menkaure
  5156 | D:6      | Learned a level 3 spell: Teleport Other
  5159 | D:6      | Learned a level 2 spell: Shroud of Golubria
  5190 | D:6      | Reached skill level 9 in Unarmed Combat
  5525 | D:6      | Gained mutation: Your muscles are strong. (Str +2) [mutagenic meat]
  5526 | D:6      | Gained mutation: You have razor-sharp toenails. [mutagenic meat]
  5763 | D:6      | Reached XP level 9. HP: 83/83 MP: 10/10
  5830 | D:7      | Noticed Dowan
  5830 | D:7      | Noticed Duvessa
  6223 | D:7      | Found a bloodstained altar of Trog.
  6228 | D:7      | Found a white marble altar of Elyvilon.
  6327 | D:7      | Killed Duvessa
  6327 | D:7      | Reached skill level 10 in Unarmed Combat
  6333 | D:7      | Killed Dowan
  6511 | D:7      | Noticed Prince Ribbit
  6531 | D:7      | Gained mutation: You expend magic power (3 MP) to strengthen your wands. [potion of mutation]
  6531 | D:7      | Gained mutation: Your magical capacity is low. (-10% MP) [potion of mutation]
  6534 | D:7      | Lost mutation: Your magical capacity is low. (-10% MP) [potion of cure mutation]
  6534 | D:7      | Lost mutation: Your muscles are strong. (Str +2) [potion of cure mutation]
  6534 | D:7      | Lost mutation: Your mind is acute. (Int +2) [potion of cure mutation]
  6534 | D:7      | Lost mutation: Your system is resistant to poisons. (rPois) [potion of cure mutation]
  6534 | D:7      | Lost mutation: You expend magic power (3 MP) to strengthen your wands. [potion of cure mutation]
  6769 | D:7      | Reached skill level 5 in Dodging
  6789 | D:7      | Reached skill level 11 in Unarmed Combat
  6987 | D:8      | Learned a level 1 spell: Sting
  7034 | D:8      | Found a staircase to the Lair.
  7089 | D:8      | Slain by a porcupine

Vault maps used:
D:1:      saegor_arrival_simple_e, kennysheep_boxes
D:2:      old_standard_altar, minmay_tromino_v2
D:3:      yredelemnul_forgotten_temple_becter
D:4:      solitary_fountain
D:5:      first_bread, minmay_holes
D:6:      lightli_ossuary_entry_decrepit_ruins, trog_butcher_becter,
          uniq_menkaure
D:7:      nicolae_overflow_hidden_temple, enter_bailey_2, grunt_livestock,
          uniq_duvessa, uniq_prince_ribbit1
D:8:      due_lair_maze_entry_diamond, kennysheep_cluttered_room,
          nicolae_ru_great_annihilating_truth, uniq_psyche
Temple:   nicolae_temple_elliptical
Ossuary:  ossuary_tomb_1

Skill      XL: |  1  2  3  4  5  6  7  8  9 |
---------------+----------------------------+-----
Dodging        | 2 3 4 5 |  5.5
Fighting       | 2 3 |  3.9
Unarmed Combat | 3 5 6 7 9 11 | 11.3
Stealth        | 1 |  1.8
Throwing       | |  0.8
Spellcasting   | |  1.5
Translocations | |  2.2

Action                   |  1- 3 |  4- 6 |  7- 9 || total
-------------------------+-------+-------+-------++-------
Melee: Unarmed           |   121 |   202 |   360 ||   683
       Punch             |     3 |     3 |    12 ||    18
       Kick              |       |     3 |    85 ||    88
 Cast: Blink             |       |     2 |       ||     2
  Use: Potion            |       |     5 |     9 ||    14
       Scroll            |       |       |     8 ||     8
 Stab: Sleeping          |       |       |     3 ||     3
  Eat: Chunk             |    15 |    22 |    35 ||    72
       Bread ration      |     1 |       |       ||     1
Armor: Robe              |    43 |    76 |    77 ||   196
       Skin              |       |    10 |       ||    10
Dodge: Dodged            |    64 |    92 |   164 ||   320
